 Dungeon Crawl Stone Soup version 0.27.1-33-g824d729ab1 (webtiles) character file.

Game seed: 16409724382805544539

303 lordive the Shooter (level 6, -6/53 HPs)
             Began as a Minotaur Hunter on Dec 27, 2021.
             Mangled by Grinder (9 damage)
             ... on level 3 of the Dungeon.
             The game lasted 00:04:39 (3082 turns).

lordive the Shooter (Minotaur Hunter)               Turns: 3082, Time: 00:04:41

Health: -6/53      AC:  3    Str: 17    XL:     6   Next: 15%
Magic:  5/5        EV: 12    Int:  8    God:
Gold:   46         SH:  0    Dex: 12    Spells: 5/5 levels left

rFire    + . .     SeeInvis .   a - +1 shortbow
rCold    . . .     Faith    .   (shield currently unavailable)
rNeg     . . .     Spirit   .   c - +0 leather armour
rPois    .         Reflect  .   (helmet restricted)
rElec    .         Harm     .   (no cloak)
rCorr    .         Rampage  .   (no gloves)
Will     .....                  (no boots)
Stlth    +.........             (no amulet)
HPRegen  0.17/turn              h - ring of protection from fire
MPRegen  0.09/turn              (no ring)

@: no status effects
A: horns 2, retaliatory headbutt
a: no special abilities


You were on level 3 of the Dungeon.
You visited 1 branch of the dungeon, and saw 3 of its levels.

You collected 46 gold pieces.

Inventory:

Hand Weapons
 a - a +1 shortbow (weapon)
 j - a +2 spear of flaming
 k - a +0 whip of venom
Missiles
 d - 31 arrows (quivered ammo)
 i - 2 throwing nets
Armour
 c - a +0 leather armour (worn)
Jewellery
 h - a ring of protection from fire (left hand)
Scrolls
 f - 3 scrolls of identify {unknown}
 g - a scroll of teleportation {unknown}
 l - a scroll of magic mapping {unknown}
Potions
 b - 2 potions of flight {unknown}
 e - a potion of berserk rage {unknown}
 m - a potion of might {unknown}


   Skills:
 + Level 4.7 Fighting
 + Level 6.3 Bows
 + Level 3.0 Armour
 + Level 2.4 Dodging
 + Level 1.2 Stealth


You had 5 spell levels left.
You didn't know any spells.
Your spell library contained the following spells:

 Spells                   Type           Power      Damage    Failure   Level
 Passwall                 Tmut/Erth      0%         N/A       61%         2
 Gell's Gravitas          Tloc           0%         N/A       83%         3
 Lesser Beckoning         Tloc           0%         N/A       83%         3
 Swiftness                Air            0%         N/A       83%         3
 Teleport Other           Tloc           0%         N/A       83%         3
 Animate Armour           Summ/Erth      0%         N/A       99%         4
 Blade Hands              Tmut           0%         N/A       100%        5
 Invisibility             Hex            0%         N/A       100%        6
 Iron Shot                Conj/Erth      0%         9d1       100%        6


Dungeon Overview and Level Annotations

Branches:
Dungeon (3/15)

Altars:
Zin

Annotations:
D:3 Grinder


Innate Abilities, Weirdness & Mutations

You have a pair of horns on your head.
You reflexively headbutt those who attack you in melee.


Message History

Pain shoots through your body!
The gnoll hits you from afar with a +0 spear.
You shoot an arrow. The arrow hits the gnoll.
The gnoll is severely wounded.
Grinder blinks!
The gnoll closely misses you.
You shoot an arrow. The arrow hits the gnoll.
You kill the gnoll!
You shoot an arrow. The arrow closely misses Grinder.
You shoot an arrow. The arrow hits Grinder!
Grinder is severely wounded.
Grinder drinks a potion.
Grinder is healed!
You shoot an arrow. The arrow completely misses Grinder.
You shoot an arrow. The arrow hits Grinder.
Grinder is severely wounded.
You shoot an arrow. The arrow closely misses Grinder.
You shoot an arrow. The arrow completely misses Grinder.
Grinder hits you!
You writhe in agony.
* * * LOW HITPOINT WARNING * * *
You are too injured to fight recklessly!
You are too injured to fight recklessly!
Fire: 34 arrows
Press: ? - help, Q - select action, (/) - cycle Shift-Dir - straight line, f/p - Grinder
Aim: Grinder (severely wounded, 61% to hit)
You shoot an arrow. The arrow closely misses Grinder.
Grinder hits you but does no damage.
Fire: 33 arrows
Press: ? - help, Q - select action, (/) - cycle Shift-Dir - straight line, f/p - Grinder
Aim: Grinder (severely wounded, 61% to hit)
You shoot an arrow. The arrow hits Grinder!
Grinder is almost dead.
Grinder gestures at you. Pain shoots through your body!
* * * LOW HITPOINT WARNING * * *
Unknown command.
Fire: 32 arrows
Press: ? - help, Q - select action, (/) - cycle Shift-Dir - straight line, f/p - Grinder
Aim: Grinder (almost dead, 61% to hit)
You shoot an arrow. The arrow closely misses Grinder.
Grinder hits you!
You die...

#. . #.# .#
..## #.#
#... ...
#..###.##
#.......
#....#+##
#.@....#
#(5(...#
##.)(..#
..(.(....
..(...(..
....!.....
..........
...(.(....(


You could see Grinder.

Vanquished Creatures
  A phantom (D:2)
  A bullfrog (D:2)
  Jessica (D:2)
  7 gnolls
  3 adders (D:2)
  3 dart slugs (D:2)
  An orc (D:2)
  3 ball pythons
  3 endoplasms (D:1)
  A giant cockroach (D:2)
  4 goblins
  A hobgoblin (D:2)
  5 kobolds (D:2)
  2 quokkas
  3 bats
  4 frilled lizards (D:2)
  2 rats (D:2)
45 creatures vanquished.

Notes
Turn   | Place    | Note
-------+----------+-------------------------------------------
     0 | D:1      | lordive the Minotaur Hunter began the quest for the Orb.
     0 | D:1      | Reached XP level 1. HP: 18/18 MP: 0/0
   329 | D:1      | Reached XP level 2. HP: 25/25 MP: 1/1
   730 | D:2      | Noticed Jessica
   736 | D:2      | Killed Jessica
   737 | D:2      | Reached skill level 1 in Armour
   737 | D:2      | Reached XP level 3. HP: 31/31 MP: 2/2
  1014 | D:1      | Reached skill level 5 in Bows
  1276 | D:2      | Reached XP level 4. HP: 39/39 MP: 3/3
  1410 | D:2      | Noticed a phantom
  1424 | D:2      | Killed a phantom
  1425 | D:2      | Reached XP level 5. HP: 28/46 MP: 4/4
  1579 | D:2      | Found a glowing silver altar of Zin.
  2308 | D:3      | Noticed Grinder
  2392 | D:2      | Reached skill level 6 in Bows
  2392 | D:2      | Reached skill level 1 in Stealth
  2402 | D:2      | Reached XP level 6. HP: 14/53 MP: 5/5
  3082 | D:3      | Mangled by Grinder

Illustrated notes

Levels and vault maps discovered:
D:1:      denvon_arrival_waterhouse, layout_basic, minmay_pentomino_t2
D:2:      minmay_diamond_boxcup, layout_basic, basic_altar,
          chequers_serial_rivers_micro_a, uniq_jessica
D:3:      layout_basic, uniq_grinder

Skill      XL: |  1  2  3  4  5  6 |
---------------+-------------------+-----
Fighting       | 3 4 |  4.7
Armour         | 1 2 3 |  3.0
Bows           | 5 6 |  6.3
Stealth        | 1 |  1.2
Dodging        | |  2.4

Action                   |  1- 3 |  4- 6 || total
-------------------------+-------+-------++-------
Melee: Spear             |       |     7 ||     7
       Headbutt          |       |     3 ||     3
 Fire: Shortbow          |    35 |   116 ||   151
Armor: Leather armour    |     2 |    16 ||    18
Dodge: Dodged            |    18 |    64 ||    82
